 Dungeon Crawl Stone Soup version 0.16-a0-3939-g9a3e665 (webtiles) character file.

145 abixa the Poker (level 5, -6/38 HPs)
             Began as a Merfolk Skald on Feb 6, 2015.
             Was an Initiate of Okawaru.
             Mangled by an orc priest
             ... wielding a +0 falchion
              (7 damage)
             ... on level 2 of the Dungeon.
             The game lasted 00:06:03 (2640 turns).

abixa the Poker (Merfolk Skald)                     Turns: 2640, Time: 00:06:03

Health: -6/38      AC:  4    Str: 13    XL:     5   Next: 27%
Magic:  6/9        EV: 11    Int: 11    God:    Okawaru [......]
Gold:   123        SH:  0    Dex: 14    Spells: 3 memorised, 2 levels left

rFire  . . .     SeeInvis .     a - +0 spear
rCold  . . .     Clarity  .     b - +0 leather armour
rNeg   . . .     SustAb   .     (no shield)
rPois  .         Gourm    .     j - +0 helmet
rElec  .         Spirit   .     (no cloak)
rCorr  .         Warding  .     (no gloves)
rMut   .         Stasis   .     (no boots)
MR     .....                    (no amulet)
Stlth  +.........               (no ring)
                                (no ring)

@: infused, slowed, very slow, not resistant to hostile enchantments, very
unstealthy
A: change form in water, swift swim
a: Renounce Religion


You were on level 2 of the Dungeon.
You worshipped Okawaru.
Okawaru was noncommittal.
You were not hungry.

You visited 1 branch of the dungeon, and saw 3 of its levels.

You collected 123 gold pieces.

Inventory:

Hand weapons
 a - a +0 spear (weapon)
Missiles
 i - 43 stones (quivered)
 m - 46 sling bullets
 p - 17 arrows
Armour
 b - a +0 leather armour (worn)
 g - a cursed +0 ring mail
 j - a +0 helmet (worn)
Jewellery
 h - an uncursed ring of protection from cold {unknown}
Scrolls
 e - 3 scrolls of recharging {unknown}
 f - a scroll of enchant weapon {unknown}
 k - 3 scrolls of remove curse {unknown}
 q - 3 scrolls of identify {unknown}
Potions
 l - a potion of brilliance {unknown}
 n - 2 potions of degeneration {unknown}
 o - a potion of experience {unknown}
Books
 c - a book of Battle

   Spells                             Type                      Level
   a - Infusion                       Charms                       1
   b - Shroud of Golubria             Charms/Translocation         2
   c - Song of Slaying                Charms                       2
   d - Spectral Weapon                Hexes/Charms                 3
   e - Regeneration                   Charms/Necromancy            3
Comestibles
 d - 3 bread rations
 r - a slice of pizza
 s - a chunk of flesh


   Skills:
 - Level 2.1 Fighting
 + Level 5.5 Polearms
 - Level 0.6 Armour
 - Level 1.3 Dodging
 - Level 2.0 Spellcasting
 + Level 5.2 Charms


You had 2 spell levels left.
You knew the following spells:

 Your Spells              Type           Power        Failure   Level  Hunger
a - Infusion              Chrm           ##....       6%          1    ##.....
b - Song of Slaying       Chrm           ##......     10%         2    ###....
c - Spectral Weapon       Hex/Chrm       #.......     38%         3    ####...


Dungeon Overview and Level Annotations

Branches:
Dungeon (3/15)

Altars:
Fedhas
Okawaru
Trog

Annotations:
D:3 abixa's ghost, experienced OgBe


Message History

The orc wizard blinks!
You hit the orc wizard.
The orc wizard is lightly wounded.
The orc wizard gestures wildly while chanting.
The orc wizard blinks!
The orc priest hits you with a falchion.
There is a stone staircase leading up here.
The orc priest hits you with a falchion!
* * * LOW HITPOINT WARNING * * *
You climb upwards.
There is a stone staircase leading down here.
Casting: Infusion
Confirm with . or Enter, or press ? or * to list all spells.
You begin infusing your attacks with magical energy.
The orc priest hits you with a falchion!
* * * LOW HITPOINT WARNING * * *
The orc priest hits you but does no damage.
You closely miss the orc priest.
The orc priest hits you with a falchion!
You die...

######## ##.≈≈≈..#
##...≈.≈≈## ##### #########
#....≈_≈..# ....#
#.......###@..≈.≈≈≈.# ....#
#..>........o.≈..≈..# ....#
#.......###.......#.# ####
....# #########
#.........######... ....###
#####.......#........#.
......#
###...........###.....##.
....#.#
###...####.....##.†.##.###.
....#.###...###
##.....#.####..##.
####......### #####...#
##..#.


You could see an orc priest.

Vanquished Creatures
  An orc priest (D:3)
  Ijyb (D:2)
  3 adders (D:2)
  A giant mite (D:1)
  3 worms (D:2)
  A giant gecko (D:1)
  An orc (D:3)
  11 bats
  6 goblins
  5 hobgoblins
  2 jackals (D:2)
  A quokka (D:2)
  4 giant newts
  5 kobolds
  9 rats
54 creatures vanquished.

Notes
Turn   | Place    | Note
--------------------------------------------------------------
     0 | D:1      | abixa, the Merfolk Skald, began the quest for the Orb.
     0 | D:1      | Reached XP level 1. HP: 16/16 MP: 3/3
   186 | D:1      | Reached XP level 2. HP: 13/22 MP: 1/4
   407 | D:1      | Reached skill level 4 in Charms
   694 | D:1      | Reached XP level 3. HP: 24/27 MP: 1/6
  1339 | D:2      | Reached XP level 4. HP: 22/33 MP: 1/7
  1687 | D:2      | Noticed Ijyb
  1731 | D:2      | Killed Ijyb
  1731 | D:2      | Reached skill level 5 in Polearms
  1880 | D:2      | Found a blossoming altar of Fedhas.
  1913 | D:2      | Reached skill level 5 in Charms
  1956 | D:2      | Learned a level 2 spell: Song of Slaying
  1960 | D:2      | Learned a level 3 spell: Spectral Weapon
  2284 | D:2      | Reached XP level 5. HP: 38/38 MP: 9/9
  2293 | D:2      | Found an iron altar of Okawaru.
  2293 | D:2      | Found a bloodstained altar of Trog.
  2300 | D:2      | Became a worshipper of Warmaster Okawaru
  2543 | D:3      | Noticed abixa's ghost (experienced OgBe)
  2639 | D:2      | HP: 1/38 [orc priest/falchion (11)]
  2640 | D:2      | Mangled by an orc priest

Action                   |  1- 3 |  4- 6 || total
-------------------------+-------+-------++-------
Melee: Spear             |   117 |   132 ||   249
 Cast: Infusion          |     5 |     7 ||    12
 Stab: Sleeping          |     1 |       ||     1
  Eat: Chunk             |     1 |     5 ||     6
